 Dungeon Crawl Stone Soup version 0.29-a0-320-g9f8742066b (webtiles) character file.

Game seed: 7282634955214399353

121 chopper the Shield-Bearer (level 4, -6/40 HPs)
             Began as a Minotaur Fighter on Apr 3, 2022.
             Killed by divine providence
             ... invoked by an orc priest
              (10 damage)
             ... on level 3 of the Dungeon.
             The game lasted 00:12:22 (2646 turns).

chopper the Shield-Bearer (Minotaur Fighter)        Turns: 2646, Time: 00:12:22

Health: -6/40      AC: 14    Str: 23    XL:     4   Next: 77%
Magic:  3/3        EV:  8    Int:  5    God:
Gold:   150        SH:  4    Dex:  9    Spells: 3/3 levels left

rFire   + . .      SeeInvis .   a - +0 war axe
rCold   . . .      Faith    .   c - +0 buckler
rNeg    . . .      Spirit   .   o - +3 chain mail {rF+}
rPois   .          Reflect  .   (helmet restricted)
rElec   .          Harm     .   (no cloak)
rCorr   +          Rampage  .   q - +1 pair of gloves
Will    .....                   (no boots)
Stlth   ..........              (no amulet)
HPRegen 0.13/turn               i - ring of resist corrosion
MPRegen 0.08/turn               (no ring)

@: hasted, very quick
A: horns 2, retaliatory headbutt
a: no special abilities


You were on level 3 of the Dungeon.
You visited 1 branch of the dungeon, and saw 3 of its levels.

You collected 150 gold pieces.

Inventory:

Hand Weapons
 a - a +0 war axe (weapon)
Armour
 b - a +0 scale mail
 c - a +0 buckler (worn)
 o - a +3 chain mail of fire resistance (worn)
 q - a +1 pair of gloves (worn)
Jewellery
 i - a ring of resist corrosion (left hand)
Wands
 n - a wand of iceblast (5)
Scrolls
 e - a scroll of magic mapping {unknown}
 f - a scroll of vulnerability {unknown}
 h - a scroll of immolation {unknown}
 j - 3 scrolls of amnesia
 m - a scroll of summoning {unknown}
Potions
 d - a potion of might
 g - 2 potions of flight
 k - a potion of haste
 l - a potion of lignification {unknown}
 p - 2 potions of curing


   Skills:
 + Level 4.3 Fighting
 + Level 4.1 Axes
 + Level 4.3 Armour
 + Level 1.0 Dodging
 + Level 0.1 Stealth
 + Level 4.4 Shields


You had 3 spell levels left.
You didn't know any spells.
Your spell library contained the following spells:

 Spells                   Type           Power      Damage    Failure   Level
 Magic Dart               Conj           0%         1d3       99%         1
 Call Imp                 Summ           0%         N/A       100%        2
 Call Canine Familiar     Summ           0%         N/A       100%        3
 Confusing Touch          Hex            0%         N/A       100%        3
 Mephitic Cloud           Conj/Pois/Air  0%         N/A       100%        3
 Portal Projectile        Hex/Tloc       0%         N/A       100%        3
 Hailstorm                Conj/Ice       0%         3d3       100%        4
 Ice Form                 Ice/Tmut       0%         N/A       100%        4
 Leda's Liquefaction      Hex/Erth       0%         N/A       100%        4
 Yara's Violent Unravell  Hex/Tmut       0%         3d3       100%        5
 Simulacrum               Ice/Necr       0%         N/A       100%        6
 Enfeeble                 Hex            0%         N/A       100%        7


Dungeon Overview and Level Annotations

Branches:
Dungeon (3/15)

Altars:


Innate Abilities, Weirdness & Mutations

You have a pair of horns on your head.
You reflexively headbutt those who attack you in melee.


Message History

You slash the orc!
You kill the orc!
You hit the orc.
The orc is heavily wounded.
The orc hits you with a +0 flail.
You hit the orc.
You kill the orc!
Your Dodging skill increases to level 1!
Things that are here:
a +0 flail; a +0 scale mail
Things that are here:
a +0 whip; an orc corpse A quokka comes into view.
An orc priest comes into view. It is wielding a +0 whip.
The orc priest shouts!
The orc priest mumbles some strange prayers to Beogh against you.
Beogh smites you!
You closely miss the quokka.
The quokka bites you but does no damage.
You barely miss the quokka. The quokka barely misses you.
You furiously retaliate!
You headbutt the quokka!
You kill the quokka!
An orc comes into view. It is wielding a +0 flail.
The orc priest casts a cantrip, but nothing happens.
The orc shouts!
An orc comes into view. It is wielding a +0 flail.
Things that are here:
a +0 whip; an orc corpse
Things that are here:
a +0 flail; a +0 scale mail The orc priest calls down the wrath of Beogh upon you.
Beogh smites you!
The orc priest mumbles some strange prayers to Beogh against you.
Beogh smites you!
* * * LOW HITPOINT WARNING * * *
Unknown command.
You feel yourself speed up.
The orc priest mumbles some strange prayers to Beogh against you.
Beogh smites you!
You die...

## .# .#
################# .#
#.@......oo.....# .#
#.#############.# .# #.#
#)# .##############.#
#)###
.......#......#.#########
#.o..
######.#......#.......[..
#....
######.#................#
#.†..
.......+.................
#....
######.#...........<..#.#
#....


You could see an orc priest.

Vanquished Creatures
  Ijyb (D:3)
  4 adders (D:2)
  2 worms (D:2)
  2 dart slugs (D:1)
  4 orcs (D:3)
  2 endoplasms
  3 giant cockroaches
  4 goblins (D:1)
  5 hobgoblins
  3 quokkas (D:3)
  5 ball pythons
  A bat (D:1)
  2 frilled lizards (D:1)
  4 kobolds
  5 rats
47 creatures vanquished.

Notes
Turn   | Place    | Note
-------+----------+-------------------------------------------
     0 | D:1      | chopper the Minotaur Fighter began the quest for the Orb.
     0 | D:1      | Reached XP level 1. HP: 19/19 MP: 0/0
   224 | D:1      | Reached XP level 2. HP: 27/27 MP: 1/1
   335 | D:1      | Found a faded altar of an unknown god.
  1117 | D:2      | Reached XP level 3. HP: 30/33 MP: 2/2
  1454 | D:2      | You fall into a shaft and drop 1 floor!
  1745 | D:3      | Noticed Ijyb
  1760 | D:3      | Killed Ijyb
  1761 | D:3      | Reached XP level 4. HP: 15/40 MP: 3/3
  2620 | D:3      | Reached skill level 1 in Dodging
  2646 | D:3      | Killed from afar by an orc priest

Illustrated notes

Levels and vault maps discovered:
D:1:      dpeg_arrival_arbitrary_b, layout_basic,
          hellmonk_ecumenical_altar_arch_garden
D:2:      layout_rooms
D:3:      layout_basic, lemuel_tele_altar, grunt_ministairs_6,
          dreamdust_wishing_well, uniq_grinder, uniq_ijyb

Skill      XL: |  1  2  3  4 |
---------------+-------------+-----
Fighting       | 4 |  4.3
Shields        | 4 |  4.4
Axes           | 3 4 |  4.1
Armour         | 4 |  4.3
Dodging        | 1 |  1.0
Stealth        | |  0.1

Action                   |  1- 3 |  4- 6 || total
-------------------------+-------+-------++-------
Melee: War axe           |    72 |    38 ||   110
       Headbutt          |     5 |     2 ||     7
  Use: Scroll            |       |     4 ||     4
       Potion            |       |     1 ||     1
Armor: Scale mail        |    32 |       ||    32
       Chain mail        |       |    21 ||    21
Dodge: Dodged            |    43 |    13 ||    56
Block: Buckler           |    14 |     8 ||    22

Table legend: (Time is in decaauts)
 A = Elapsed time spent in this place.
 B = Non-inter-level travel time spent in this place.
 C = Inter-level travel time spent in this place.
 D = Time resting spent in this place.
 E = Time spent auto-exploring this place.
 F = Levels seen in this place.
 G = Mean time per level.
                   A        B        C        D        E       F      G
               +--------+--------+--------+--------+--------+-----+--------+
         Total |   2687 |   2687 |      0 |    283 |      0 |   3 |  895.7 |
       Dungeon |   2687 |   2687 |      0 |    283 |      0 |   3 |  895.7 |
               +--------+--------+--------+--------+--------+-----+--------+

Top non-repeatable levels by time:
     D:1: 1106 daAuts
     D:3: 864 daAuts
     D:2: 716 daAuts
